 Dungeon Crawl Stone Soup version 0.29.1-14-g9c671dbff4 (webtiles) character file.

Game seed: 16705946793427801018

1443 javelincjr the Magician (level 9, -3/62 HPs)
             Began as a Djinni Conjurer on Feb 16, 2023.
             Was a Follower of Qazlal.
             Slain by an acid dragon (10 damage)
             ... on level 8 of the Dungeon.
             The game lasted 00:24:22 (8208 turns).

javelincjr the Magician (Djinni Conjurer)           Turns: 8208, Time: 00:24:22

Health: -3/62      AC: 13    Str:  8    XL:     9   Next: 4%
Gold:   291        EV:  8    Int: 27    God:    Qazlal [*.....] SH:  6 Dex: 12

rFire   + + +      SeeInvis .   o - +0 dagger (drain)
rCold   x x .      Faith    .   (no shield)
rNeg    . . .      Spirit   .   y - +2 scale mail {rPois}
rPois   ∞          Reflect  +   j - +2 helmet
rElec   .          Harm     .   t - +0 cloak of the Old and Reckless {Int+5}
rCorr   .          Rampage  .   p - +0 pair of gloves
Will    .....                   (boots unavailable)
Stlth   +.........              E - amulet of reflection
HPRegen 0.20/turn               G - ring of fire
MPRegen 0.00/turn               (no ring)

@: about to teleport, flying
A: sickness immunity, fire resistance 2, cold vulnerability 1, float, innate
caster, HP casting, extra vitality 1
a: Renounce Religion


You were on level 8 of the Dungeon.
You worshipped Qazlal.
Qazlal was aware of your devotion.
You visited 2 branches of the dungeon, and saw 9 of its levels.

You collected 291 gold pieces.

Inventory:

Hand Weapons
 d - a +0 dagger
 o - a +0 dagger of draining (weapon)
Missiles
 e - 2 throwing nets
 v - 6 boomerangs
Armour
 a - a +0 robe
 j - a +2 helmet (worn)
 p - a +0 pair of gloves (worn)
 t - the +0 cloak of the Old and Reckless (worn) {Int+5}
   (You found it on level 3 of the Dungeon)

   Int:       It affects your intelligence (+5).
 y - a +2 scale mail of poison resistance (worn)
 D - a +0 robe of cold resistance
Jewellery
 x - an amulet of the acrobat
 E - an amulet of reflection (around neck)
 G - a ring of fire (left hand)
Wands
 C - a wand of flame (16)
Scrolls
 b - a scroll of teleportation
 f - a scroll of silence {unknown}
 h - a scroll of immolation
 k - a scroll of enchant armour
 m - a scroll of noise {unknown}
 n - a scroll of blinking {unknown}
 r - 2 scrolls of fog
 s - a scroll of torment {unknown}
 u - a scroll of vulnerability {unknown}
 w - a scroll of poison {unknown}
Potions
 c - a potion of ambrosia
 g - 2 potions of heal wounds {unknown}
 i - a potion of lignification {unknown}
 l - 2 potions of degeneration {unknown}
 q - 2 potions of curing
 z - a potion of attraction {unknown}
 A - a potion of brilliance {unknown}
 B - a potion of flight {unknown}
 F - a potion of might {unknown}


   Skills:
 * Level 3.9 Fighting
 + Level 1.3 Short Blades
 + Level 2.4 Armour
 + Level 3.4 Dodging
 + Level 3.2 Stealth
 + Level 7.0 Spellcasting


You couldn't memorise any spells.
You knew the following spells:

 Your Spells              Type           Power      Damage    Failure   Level
a - Magic Dart            Conj           100%       1d8       3%          1
b - Searing Ray           Conj           94%        2d7       4%          2
c - Dazzling Flash        Conj/Hex       94%        N/A       9%          3
d - Fulminant Prism       Conj/Hex       23%        3d13      30%         4
e - Iskenderun's Mystic   Conj/Tloc      47%        2d10      30%         4
f - Sandblast             Erth           94%        2d19      3%          1
g - Scorch                Fire           100%       2d10      4%          2
h - Conjure Flame         Conj/Fire      64%        6-21      9%          3
i - Leda's Liquefaction   Hex/Erth       23%        N/A       30%         4
Your spell library was empty.

Dungeon Overview and Level Annotations

Branches:
Dungeon (9/15)             Temple (1/1) D:5
   Lair: D:8-11         Orc: D:9-12

Altars:
Ashenzari
Cheibriados
Dithmenos
Elyvilon
Fedhas
Gozag
Hepliaklqana
Makhleb
Nemelex Xobeh
Okawaru
Qazlal
Ru
Trog
Uskayaw
Wu Jian
Yredelemnul
Zin
The Shining One

Shops:
D:3 (


Innate Abilities, Weirdness & Mutations

You are immune to sickness and miasma.
You are immune to poison.
Your flesh is very heat resistant. (rF++)
You are vulnerable to cold. (rC-)
You float through the air rather than walking.
You learn spells naturally, not from books.
Your magical power is your life essence.
You have superior vitality. (+4 MHP)


Message History

The orc shouts!
The orc warrior shoots a bolt.
The bolt hits you!
An orc priest comes into view. It is wielding a +0 hand axe.
There is a stone staircase leading up here.
The orc priest mumbles some strange prayers to Beogh against you.
Beogh smites you! You block the acid dragon's attack.
The acid dragon claws you.
You fly upwards.
Found a scale mail and 21 gold pieces.
Found a stone staircase leading down.
There is a stone staircase leading down here.
Casting: Searing Ray (safe; 4% risk of failure)
Confirm with . or Enter, or press ? or * to list all spells.
Aiming: Searing Ray (safe; 4% risk of failure)
Press: ? - help, Shift-Dir - straight line, f - acid dragon
Aim: an acid dragon (82% to hit)
The searing ray hits the acid dragon!
The acid dragon is moderately wounded. (Press . to maintain the ray.)
The acid dragon barely misses you.
The acid dragon claws you but does no damage.
The searing ray hits the acid dragon!
The acid dragon is severely wounded.
The acid dragon closely misses you. The acid dragon claws you.
The searing ray misses the acid dragon.
You block the acid dragon's attack. The acid dragon claws you.
The searing ray hits the acid dragon.
The acid dragon is severely wounded.
You finish channelling your searing ray.
The acid dragon spits acid at you. The splash of acid hits you!!
* * * LOW HITPOINT WARNING * * *
Casting: Searing Ray (safe; 4% risk of failure)
Confirm with . or Enter, or press ? or * to list all spells.
You don't have enough health to cast this spell.
Unknown command.
You feel better. The acid dragon barely misses you.
You block the acid dragon's attack.
As you read the scroll of teleportation, it crumbles to dust.
You feel strangely unstable. The acid dragon bites you!
You die...

..########
.........#
.........#
.....>...#
.........#
.$.......#
.......[D#
......○@.#
.........#
##########


You could see an acid dragon (catching breath).

Vanquished Creatures
  A sky beast (D:6)
  An ice beast (D:5)
  A black bear (D:5)
  2 ogres
  A phantom (D:5)
  A necrophage (D:5)
  A howler monkey (D:5)
  3 jellies
  8 orc priests
  2 hounds
  Natasha (thrice) (D:2)
  7 orc wizards
  4 adders
  2 shadow imps
  An ufetubus (D:5)
  5 worms
  5 dart slugs
  23 orcs
  5 bats
  10 endoplasms
  4 giant cockroaches
  9 goblins
  7 hobgoblins
  8 jackals
  7 kobolds
  4 quokkas
  8 ball pythons
  4 frilled lizards
  6 rats
143 creatures vanquished.

Vanquished Creatures (others)
  A fulminant prism (D:3)
1 creature vanquished.

Grand Total: 144 creatures vanquished

Notes
Turn   | Place    | Note
-------+----------+-------------------------------------------
     0 | D:1      | javelincjr the Djinni Conjurer began the quest for the Orb.
     0 | D:1      | javelincjr set off with the following spells memorised:
                  | Magic Dart, Searing Ray, Dazzling Flash, Fulminant Prism,
                  | Iskenderun's Mystic Blast.
     0 | D:1      | Reached XP level 1. HP: 15/15 MP: 0/0
   108 | D:1      | Found a faded altar of an unknown god.
   259 | D:1      | Reached XP level 2. HP: 18/21 MP: 0/0
   820 | D:1      | Reached XP level 3. HP: 24/25 MP: 0/0
   820 | D:1      | Learned a level 1 spell: Sandblast
  1670 | D:2      | Reached skill level 4 in Spellcasting
  1743 | D:2      | Found an opulent altar of Gozag.
  1865 | D:2      | Reached XP level 4. HP: 19/31 MP: 0/0
  1933 | D:2      | Noticed Natasha
  1938 | D:2      | Killed Natasha
  2257 | D:2      | Noticed Natasha
  2263 | D:2      | Killed Natasha
  2264 | D:2      | Reached skill level 1 in Fighting
  2264 | D:2      | Reached XP level 5. HP: 29/37 MP: 0/0
  2264 | D:2      | Learned a level 2 spell: Scorch
  2377 | D:2      | Noticed Natasha
  2388 | D:2      | Killed Natasha
  3136 | D:3      | Reached XP level 6. HP: 6/42 MP: 0/0
  3563 | D:3      | Found a shadowy altar of Dithmenos.
  3564 | D:3      | Found an opulent altar of Gozag.
  3590 | D:3      | Reached skill level 5 in Spellcasting
  3702 | D:3      | Found an ornate altar of the Wu Jian Council.
  3705 | D:3      | Found a burning altar of Makhleb.
  3717 | D:3      | Found a stormy altar of Qazlal.
  3759 | D:3      | Became a worshipper of Qazlal Stormbringer
  4110 | D:3      | Found Donnakk's Antique Weapon Shop.
  4216 | D:3      | Identified the +0 cloak of the Old and Reckless {Int+5}
  4301 | D:3      | Reached XP level 7. HP: 23/49 MP: 0/0
  4301 | D:3      | Learned a level 3 spell: Conjure Flame
  5247 | D:4      | Found a sparkling altar of Nemelex Xobeh.
  5302 | D:5      | Entered Level 5 of the Dungeon
  5358 | D:5      | Found an iron altar of Okawaru.
  5802 | D:5      | Reached skill level 6 in Spellcasting
  5953 | D:5      | Found a blossoming altar of Fedhas.
  5969 | D:5      | Reached XP level 8. HP: 53/55 MP: 0/0
  6077 | D:5      | Found a staircase to the Ecumenical Temple.
  6090 | Temple   | Entered the Ecumenical Temple
  6760 | D:5      | Reached skill level 1 in Armour
  6789 | D:5      | Reached skill level 1 in Short Blades
  6872 | D:5      | Found a bloodstained altar of Trog.
  6946 | D:5      | Reached * piety under Qazlal
  7980 | D:6      | Reached skill level 7 in Spellcasting
  8165 | D:6      | Reached XP level 9. HP: 58/62 MP: 0/0
  8165 | D:6      | Learned a level 4 spell: Leda's Liquefaction
  8195 | D:6      | You are sucked into a shaft and drop 3 floors!
  8206 | D:8      | HP: 1/62 [acid dragon/splash of acid (23)]
  8208 | D:8      | Slain by an acid dragon

Illustrated notes

Levels and vault maps discovered:
D:1:      minmay_arrival_checkered_box, layout_basic,
          dreamdust_ecumenical_altar_statues, amcnicky_mini_rare_corridor_liquid
D:2:      layout_rooms, basic_altar, uniq_natasha
D:3:      layout_basic, grunt_temple_overflow_open, serial_shops,
          nicolae_shop_advertising_works [nicolae_subvault_shop_adworks],
          kennysheep_nondescript, chequers_serial_rivers_marsh
D:4:      layout_cave_pools, mainiacjoe_overflow_brackets
D:5:      layout_basic, mainiacjoe_overflow_24_doors, trog_hazing_becter,
          okawaru_trees_2, minmay_temple_entry_offerings, minmay_misc_feat_tiny,
          chequers_serial_rivers_large_b, kennysheep_generic_room_8
D:6:      layout_basic
D:8:      layout_rooms, due_lair_maze_entry_diamond, ebering_ghost_xom,
          hellmonk_guarded_unrand_staff_of_battle, uniq_grum, uniq_pikel,
          uniq_maurice
D:9:      layout_rooms, old_standard_altar, chequers_decorated_corner,
          uniq_prince_ribbit1
Temple:   jpeg_temple_clearing

Skill      XL: |  1  2  3  4  5  6  7  8 |
---------------+-------------------------+-----
Spellcasting   | 4 5 6 7 |  7.0
Fighting       | 1 2 3 |  3.9
Stealth        | 2 3 |  3.2
Armour         | 2 |  2.4
Short Blades   | 1 |  1.3
Dodging        | 3 |  3.4

Action                   |  1- 3 |  4- 6 |  7- 9 || total
-------------------------+-------+-------+-------++-------
Melee: Dagger            |     7 |    11 |    75 ||    93
       Punch             |       |       |     1 ||     1
 Cast: Magic Dart        |    72 |    85 |    94 ||   251
       Searing Ray       |     4 |     8 |    17 ||    29
       Sandblast         |       |     9 |     2 ||    11
       Fulminant Prism   |       |     1 |       ||     1
       Scorch            |       |       |     8 ||     8
       Iskenderun's Myst |       |       |     1 ||     1
  Use: Scroll            |       |       |     8 ||     8
       Potion            |       |       |     1 ||     1
 Stab: Sleeping          |     1 |     1 |       ||     2
Armor: Robe              |     4 |     5 |     3 ||    12
       Scale mail        |       |       |    52 ||    52
Dodge: Dodged            |    11 |     8 |    46 ||    65
Block: Other             |       |       |     5 ||     5
